 Dungeon Sprint DCSS version 0.28-a0-1182-g381e24db82 (webtiles) character file.

Game seed: 7306479509311602793

1200 mhtbhm the Protected (level 8, -11/82 HPs)
             Began as a Minotaur Fighter on Dec 17, 2021.
             Was a Believer of Okawaru.
             Mangled by a ten-headed hydra (12 damage)
             ... in the Dungeon (Sprint IX: "|||||||||||||||||||||||||||||").
             The game lasted 00:01:18 (445 turns).

mhtbhm the Protected (Minotaur Fighter)              Turns: 445, Time: 00:01:18

Health: -11/82     AC: 16    Str: 23    XL:     8   Next: 21%
Magic:  9/11       EV: 11    Int:  5    God:    Okawaru [**....]
Gold:   0          SH:  6    Dex: 13    Spells: 7/7 levels left

rFire   . . .      SeeInvis .   a - +2 scimitar (freeze)
rCold   . . .      Faith    .   c - +0 buckler
rNeg    . . .      Spirit   .   b - +1 chain mail
rPois   .          Reflect  .   (helmet restricted)
rElec   .          Harm     .   m - +0 cloak
rCorr   .          Rampage  .   (no gloves)
Will    .....      NoTele   +   n - +0 pair of boots
Stlth   ..........              (no amulet)
HPRegen 0.23/turn               o - +2 ring of evasion
MPRegen 0.12/turn               p - +3 ring of dexterity

@: no status effects
A: horns 2, retaliatory headbutt
a: Renounce Religion, Heroism


You were in the Dungeon.
You worshipped Okawaru.
Okawaru was pleased with you.
You visited 1 branch

Inventory:

Hand Weapons
 a - a +2 scimitar of freezing (weapon)
Armour
 b - a +1 chain mail (worn)
 c - a +0 buckler (worn)
 m - a +0 cloak (worn)
 n - a +0 pair of boots (worn)
Jewellery
 o - a +2 ring of evasion (left hand)
 p - a +3 ring of dexterity (right hand)
Wands
 l - a wand of acid (6)
Scrolls
 j - 2 scrolls of blinking
 k - 2 scrolls of amnesia
Potions
 d - a potion of might
 e - 5 potions of curing
 f - 3 potions of heal wounds
 g - a potion of haste
 h - 4 potions of magic
 i - a potion of invisibility


   Skills:
 + Level 11.2 Fighting
 + Level 10.0 Long Blades
 + Level 11.4 Armour
 + Level 1.6 Dodging
 + Level 10.6 Shields
 * Level 5.3 Invocations
 + Level 0.9 Evocations


You had 7 spell levels left.
You didn't know any spells.
Your spell library was empty.

Dungeon Overview and Level Annotations

Branches:
Dungeon (1/1)

Altars:
Cheibriados
Dithmenos
Elyvilon
Fedhas
Gozag
Hepliaklqana
Kikubaaqudgha
Makhleb
Nemelex Xobeh
Okawaru
Qazlal
Ru
Sif Muna
Trog
Uskayaw
Vehumet
Wu Jian
Xom
Yredelemnul
Zin
The Shining One
Beogh
Jiyva
Lugonu


Innate Abilities, Weirdness & Mutations

You have a pair of horns on your head.
You reflexively headbutt those who attack you in melee.


Message History

The eight-headed hydra bites you but does no damage. x3
The eight-headed hydra bites you! x2
The eight-headed hydra bites you but does no damage.
You block the eight-headed hydra's attack.
The eight-headed hydra bites you but does no damage.
You hit the eight-headed hydra. You freeze the eight-headed hydra.
The eight-headed hydra is heavily wounded.
Unknown command.
Unknown command.
You lop one of the eight-headed hydra's heads off!
The seven-headed hydra grows two more!
You slash the nine-headed hydra!
The nine-headed hydra seems to slow down.
You freeze the nine-headed hydra.
The nine-headed hydra is heavily wounded.
The nine-headed hydra barely misses you. x2
The nine-headed hydra bites you but does no damage.
You block the nine-headed hydra's attack.
The nine-headed hydra bites you!
The nine-headed hydra closely misses you.
You block the nine-headed hydra's attack.
The nine-headed hydra bites you.
You block the nine-headed hydra's attack.
You hit the nine-headed hydra but do no damage.
The nine-headed hydra is heavily wounded.
You slice one of the nine-headed hydra's heads off!
The eight-headed hydra grows two more!
You hit the ten-headed hydra.
The ten-headed hydra seems to slow down.
You freeze the ten-headed hydra. You headbutt the ten-headed hydra!
The ten-headed hydra is severely wounded.
You block the ten-headed hydra's attack.
The ten-headed hydra bites you. x2; The ten-headed hydra bites you!
* * * LOW HITPOINT WARNING * * *
The ten-headed hydra bites you!
* * * LOW HITPOINT WARNING * * *
The ten-headed hydra bites you.
* * * LOW HITPOINT WARNING * * *
The ten-headed hydra bites you.
* * * LOW HITPOINT WARNING * * *
The ten-headed hydra bites you!
You die... ▓▓▓▓▓▓▓▓▓▓▓▓▓▓▓▓▓▓▓▓▓▓▓▓ +..cpOD@....))'...[..).. ▓▓▓▓▓▓▓▓▓▓▓▓▓▓▓▓▓▓▓▓▓▓▓▓

You could see a death knight (reflects damage, corroded), a ten-headed hydra (slow, corroded), a two-headed ogre (corroded) and a centaur.

Vanquished Creatures
  A cyclops (D)
  2 wraiths (D)
  A black bear (D)
  An ogre (D)
  3 centaurs (D)
  A wight (D)
  A jelly (D)
  An orc wizard (D)
  An adder (D)
  An adder zombie (D)
  2 ball pythons (D)
  A bat (D)
  A jackal (D)
  A kobold (D)
18 creatures vanquished.

Notes
Turn   | Place    | Note
-------+----------+-------------------------------------------
     0 | D        | mhtbhm the Minotaur Fighter began the quest for the Orb.
     0 | D        | Reached XP level 1. HP: 19/19 MP: 0/0
    35 | D        | Noticed a jelly
    35 | D        | Noticed a centaur
    35 | D        | Noticed a black bear
    35 | D        | Noticed an ogre
    38 | D        | Killed an ogre
    39 | D        | Reached XP level 2. HP: 31/31 MP: 1/1
    39 | D        | Reached XP level 3. HP: 38/38 MP: 2/2
    39 | D        | Reached XP level 4. HP: 45/45 MP: 3/3
    39 | D        | Killed a black bear
    40 | D        | Reached skill level 5 in Long Blades
    40 | D        | Reached XP level 5. HP: 53/53 MP: 4/4
    42 | D        | Killed a centaur
    46 | D        | Reached XP level 6. HP: 63/63 MP: 5/5
   106 | D        | Found a snail-covered altar of Cheibriados.
   106 | D        | Found a shadowy altar of Dithmenos.
   106 | D        | Found a white marble altar of Elyvilon.
   106 | D        | Found a blossoming altar of Fedhas.
   106 | D        | Found an opulent altar of Gozag.
   107 | D        | Found a hazy altar of Hepliaklqana.
   108 | D        | Found a viscous altar of Jiyva.
   109 | D        | Found an ancient bone altar of Kikubaaqudgha.
   110 | D        | Found a corrupted altar of Lugonu.
   111 | D        | Found a burning altar of Makhleb.
   112 | D        | Found a sparkling altar of Nemelex Xobeh.
   113 | D        | Found an iron altar of Okawaru.
   114 | D        | Found a stormy altar of Qazlal.
   115 | D        | Found a sacrificial altar of Ru.
   116 | D        | Found a shimmering blue altar of Sif Muna.
   117 | D        | Found a bloodstained altar of Trog.
   118 | D        | Found a hide-covered altar of Uskayaw.
   119 | D        | Found a radiant altar of Vehumet.
   124 | D        | Found an ornate altar of the Wu Jian Council.
   133 | D        | Found a shimmering altar of Xom.
   135 | D        | Became a worshipper of Warmaster Okawaru
   137 | D        | Found a basalt altar of Yredelemnul.
   138 | D        | Found a glowing silver altar of Zin.
   139 | D        | Found a glowing golden altar of the Shining One.
   196 | D        | Noticed a wraith
   196 | D        | Noticed a wraith
   204 | D        | Killed a wraith
   205 | D        | Reached skill level 10 in Armour
   208 | D        | Reached * piety under Okawaru
   209 | D        | Reached skill level 10 in Fighting
   209 | D        | Reached XP level 7. HP: 44/72 MP: 5/8
   214 | D        | Killed a wraith
   215 | D        | Reached skill level 10 in Shields
   432 | D        | Noticed a death knight
   432 | D        | Noticed a two-headed ogre
   432 | D        | Noticed a five-headed hydra
   432 | D        | Noticed a cyclops
   435 | D        | Reached skill level 1 in Dodging
   438 | D        | Killed a cyclops
   438 | D        | Reached ** piety under Okawaru
   439 | D        | Reached skill level 10 in Long Blades
   439 | D        | Reached skill level 5 in Invocations
   439 | D        | Reached XP level 8. HP: 72/82 MP: 9/11
   445 | D        | HP: 1/82 [ten-headed hydra (6)]
   445 | D        | Mangled by a ten-headed hydra

Illustrated notes

Levels and vault maps discovered:
D:        linesprint [early_d, line_temple, items_1, d_10, items_2, lair_1,
          lair_end, items_3, orc_1, orc_end, items_4, d_15, swamp_1, shoals_1,
          snake_1, spider_1, d_20, vaults_1, items_5, swamp_end, shoals_end,
          snake_end, spider_end, vaults_end, d_27, items_6, zot_1, zot_end,
          crypt_end, forest_end, elf_end, slime_end, tomb_end, abyss_end,
          pan_hell_end]

Skill      XL: |  1  2  3  4  5  6  7 |
---------------+----------------------+-----
Fighting       | 6 8 9 10 11 | 11.2
Armour         | 6 8 9 10 11 | 11.4
Shields        | 6 7 8 9 10 | 10.6
Long Blades    | 4 5 6 7 10 | 10.0
Invocations    | 3 5 |  5.3
Dodging        | 1 |  1.6
Evocations     | |  0.9

Action                   |  1- 3 |  4- 6 |  7- 9 || total
-------------------------+-------+-------+-------++-------
Melee: Long sword        |     9 |     9 |       ||    18
       Headbutt          |     1 |     6 |     4 ||    11
       Scimitar          |       |    10 |    22 ||    32
Evoke: Wand              |       |       |     4 ||     4
  Use: Potion            |     1 |       |       ||     1
Armor: Scale mail        |     4 |     3 |       ||     7
       Chain mail        |       |     8 |    17 ||    25
Dodge: Dodged            |     4 |    13 |    12 ||    29
Block: Buckler           |     3 |     4 |    11 ||    18

Table legend: (Time is in decaauts)
 A = Elapsed time spent in this place.
 B = Non-inter-level travel time spent in this place.
 C = Inter-level travel time spent in this place.
 D = Time resting spent in this place.
 E = Time spent auto-exploring this place.
 F = Levels seen in this place.
 G = Mean time per level.
                   A        B        C        D        E       F      G
               +--------+--------+--------+--------+--------+-----+--------+
         Total |    466 |    466 |      0 |    282 |      3 |   1 |  466.0 |
       Dungeon |    466 |    466 |      0 |    282 |      3 |   1 |  466.0 |
               +--------+--------+--------+--------+--------+-----+--------+

Top non-repeatable levels by time:
       D: 466 daAuts
